 Dungeon Crawl Stone Soup version 0.17.0-28-g6e173f8 (console) character file.

68 Kloppie the Cutter (level 4, 0/23 HPs)
             Began as a Vine Stalker Gladiator on Nov 30, 2015.
             Slain by a gnoll
             ... wielding a +0 halberd
              (8 damage)
             ... on level 3 of the Dungeon.
             The game lasted 00:02:52 (1696 turns).

Kloppie the Cutter (Vine Stalker Gladiator)         Turns: 1696, Time: 00:02:52

Health: 0/23       AC:  4    Str: 18    XL:     4   Next: 19%
Magic:  0/5        EV: 12    Int:  8    God:
Gold:   119        SH:  0    Dex: 15    Spells: 0 memorised, 3 levels left

rFire  . . .     SeeInvis .     a - +0 rapier
rCold  . . .     Clarity  .     b - +0 leather armour
rNeg   . . .     SustAt   .     (no shield)
rPois  .         Gourm    .     c - +0 helmet
rElec  .         Spirit   +     (no cloak)
rCorr  .         Warding  .     (no gloves)
rMut   .         Stasis   .     (no boots)
MR     .....                    (no amulet)
Stlth  +.........               (no ring)
                                (no ring)

@: not resistant to hostile enchantments, very unstealthy
A: fangs 2, regeneration 1, magic shield, antimagic bite, no device heal 3, rot
immunity
a: no special abilities


You were on level 3 of the Dungeon.
You were hungry.

You visited 1 branch of the dungeon, and saw 3 of its levels.

You collected 119 gold pieces.

Inventory:

Hand Weapons
 a - a +0 rapier (weapon)
Missiles
 d - 3 throwing nets (quivered)
Armour
 b - a +0 leather armour (worn)
 c - a +0 helmet (worn)
 p - a +0 cloak
Scrolls
 f - 2 scrolls of remove curse {unknown}
 h - 2 scrolls of identify {unknown}
 k - a scroll of teleportation {unknown}
 l - a scroll of random uselessness {unknown}
 n - a scroll of magic mapping {unknown}
 o - a scroll of fear {unknown}
 q - a scroll of enchant armour {unknown}
Potions
 g - a potion of degeneration {unknown}
 j - a potion of heal wounds {unknown}
 m - a potion of curing {unknown}
Comestibles
 e - 2 bread rations
 i - 2 meat rations


   Skills:
 - Level 1.7 Fighting
 + Level 4.4 Short Blades
 - Level 1.7 Throwing
 - Level 2.4 Dodging


You had 3 spell levels left.
You didn't know any spells.

Dungeon Overview and Level Annotations

Branches:
Dungeon (3/15)

Altars:
Vehumet

Annotations:
D:3 Natasha; besgeb's ghost, amateur DgFi


Innate Abilities, Weirdness & Mutations

You have extremely sharp teeth.
Your natural rate of healing is unusually fast.
When hurt, damage is shared between your health and your magic reserves.
Your bite disrupts and absorbs the magic of your enemies.
Potions and wands cannot restore your health.
You are immune to rotting.


Message History

Besgeb's ghost hits you.
You closely miss besgeb's ghost. Your bite misses besgeb's ghost.
Besgeb's ghost is moderately damaged.
Besgeb's ghost hits you.
You hit besgeb's ghost. Your bite misses besgeb's ghost.
Besgeb's ghost is moderately damaged.
Besgeb's ghost closely misses you.
You barely miss besgeb's ghost.
Besgeb's ghost is moderately damaged.
Besgeb's ghost completely misses you.
You closely miss besgeb's ghost.
Besgeb's ghost is moderately damaged.
The gnoll hits you from afar with a halberd.
Besgeb's ghost hits you.
You barely miss besgeb's ghost. Your bite misses besgeb's ghost.
Besgeb's ghost is moderately damaged.
Besgeb's ghost hits you.
* * * LOW HITPOINT WARNING * * *
The gnoll hits you from afar with a halberd!
You die...

#.....#.# #...####.# .
####'##.# #.<....... ..
#.##.# ########.. ...
#†##.#
....###.##.###########..
.....................#..
.....#.................
.### #...##.###......#
##@###.# #......# #W#
#.###......#
#g###.#.....#.##..
#gg...'...........
#g###.#.....#.###. #.#
#.#.....#... # ##.#
#.########### +..
+..###.###
#....#.........


You could see besgeb's ghost and 4 gnolls.

Vanquished Creatures
  2 adders (D:2)
  An ooze (D:2)
  A ball python (D:2)
  5 bats
  A giant cockroach (D:2)
  7 hobgoblins
  3 jackals (D:1)
  2 quokkas (D:2)
  A giant gecko (D:1)
  3 giant newts
  8 goblins
  7 kobolds
  9 rats
50 creatures vanquished.

Notes
Turn   | Place    | Note
--------------------------------------------------------------
     0 | D:1      | Kloppie the Vine Stalker Gladiator began the quest for the Orb.
     0 | D:1      | Reached XP level 1. HP: 11/11 MP: 2/2
   238 | D:1      | Reached skill level 3 in Short Blades
   295 | D:1      | Reached XP level 2. HP: 15/15 MP: 3/3
   819 | D:2      | Reached XP level 3. HP: 15/18 MP: 4/4
   963 | D:2      | Reached skill level 4 in Short Blades
  1287 | D:2      | Reached XP level 4. HP: 12/23 MP: 3/5
  1554 | D:3      | Found a radiant altar of Vehumet.
  1676 | D:3      | Noticed besgeb's ghost (amateur DgFi)
  1677 | D:3      | Noticed Natasha
  1696 | D:3      | Slain by a gnoll

Action                   |  1- 3 |  4- 6 || total
-------------------------+-------+-------++-------
Melee: Rapier            |   103 |    28 ||   131
  Eat: Chunk             |     1 |     1 ||     2
